 Dungeon Crawl Stone Soup version 0.28.0-53-g5a82cb258f (webtiles) character file.

Game seed: 91808611604696749

358624 concernfroge the Spry (level 21, -1/122 HPs)
             Began as a Deep Elf Conjurer on July 2, 2022.
             Was a Priest of Sif Muna.
             Killed from afar by a deep elf high priest (24 damage)
             ... with damnation
             ... on level 5 of the Vaults on July 3, 2022.
             The game lasted 07:19:02 (61628 turns).

concernfroge the Spry (Deep Elf Conjurer)          Turns: 61628, Time: 07:19:03

Health: -1/122     AC: 15    Str:  3    XL:     21   Next: 44%
Magic:  5/44       EV: 27    Int: 33    God:    Sif Muna [***...]
Gold:   1070       SH: 17    Dex: 21    Spells: 1/54 levels left

rFire   + + +      SeeInvis +   C - staff of poison
rCold   + + +      Faith    .   o - +3 buckler {rF+}
rNeg    + + +      Spirit   .   e - +4 skin of Zhor {*Englaciate rC+++ SInv}
rPois   +          Reflect  +   j - +1 hat of Sophism {rF+}
rElec   +          Harm     .   D - +0 cloak of the Furrier {Contam rF+ rN+++ Will+}
rCorr   +          Rampage  .   T - +2 pair of gloves
Will    ++++.      Clarity  +   N - +2 pair of boots
Stlth   ++++......              Z - amulet of Rohudiamn {Reflect rElec rCorr Int-2 SH+5 Stlth+}
HPRegen 0.30/turn               J - ring of Fixation {rElec rF- Will+ Dex+8 Stlth+}
MPRegen 0.29/turn               y - ring "Nulost" {Fire rCorr Str-5 Int+4}

@: channelling
A: clarity, cold resistance 1
}: 2/15 runes: decaying, gossamer
a: Renounce Religion, Channel Magic, Forget Spell


You were on level 5 of the Vaults.
You worshipped Sif Muna.
Sif Muna was most pleased with you.
You visited 7 branches of the dungeon, and saw 37 of its levels.
You also visited: Gauntlet and Volcano.

You collected 3686 gold pieces.
You spent 2616 gold pieces at shops.

Inventory:

Missiles
 v - 5 throwing nets
Armour
 b - a +4 troll leather armour {Snorg}
 e - the +4 skin of Zhor (worn) {*Englaciate rC+++ SInv}
   (You found it on level 7 of the Dungeon)

   It radiates cold, occasionally slowing all nearby creatures who are not
   resistant to cold.
   rC:        It renders you almost immune to cold.
   SInv:      It lets you see invisible.
 j - the +1 hat of Sophism (worn) {rF+}
   (You found it on level 4 of the Spider Nest)

   rF:        It protects you from fire.
 o - a +3 buckler of fire resistance (worn)
 D - the +0 cloak of the Furrier (worn) {Contam rF+ rN+++ Will+}
   (You bought it in a shop on level 1 of the Dungeon)

   rF:        It protects you from fire.
   rN:        It renders you almost immune to negative energy.
   Contam:    It causes magical contamination when unequipped.
   Will:      It increases your willpower.
 N - a +2 pair of boots (worn)
 T - a +2 pair of gloves (worn)
Magical Staves
 C - a staff of poison (weapon)
Jewellery
 y - the ring "Nulost" (right hand) {Fire rCorr Str-5 Int+4}
   (You found it on level 9 of the Dungeon)

   [ring of fire]

   It enhances your fire magic.
   Str:       It affects your strength (-5).
   Int:       It affects your intelligence (+4).
   rF:        It protects you from fire.
   rC:        It makes you vulnerable to cold.
   rCorr:     It protects you from acid and corrosion.
 J - the ring of Fixation (left hand) {rElec rF- Will+ Dex+8 Stlth+}
   (You bought it in a shop on level 10 of the Dungeon)

   [ring of willpower]

   Dex:       It affects your dexterity (+8).
   rF:        It makes you vulnerable to fire.
   rElec:     It insulates you from electricity.
   Will:      It increases your willpower.
   Stlth:     It makes you more stealthy.
 Z - the amulet of Rohudiamn (around neck) {Reflect rElec rCorr Int-2 SH+5 Stlth+}
   (You found it on level 3 of the Swamp)

   [amulet of reflection]

   It reflects blocked missile attacks.
   Int:       It affects your intelligence (-2).
   rElec:     It insulates you from electricity.
   rCorr:     It protects you from acid and corrosion.
   SH:        It affects your SH (+5).
   Stlth:     It makes you more stealthy.
Wands
 c - a wand of polymorph (15)
 f - a wand of mindburst (5)
 g - a wand of digging (7)
 m - a wand of paralysis (9)
 r - a wand of flame (43) (quivered)
 s - a wand of charming (15)
 P - a wand of iceblast (18)
 Q - a wand of acid (8)
Scrolls
 a - a scroll of silence
 d - a scroll of torment
 k - 5 scrolls of immolation
 l - 6 scrolls of teleportation
 q - 2 scrolls of enchant weapon
 x - a scroll of vulnerability
 A - a scroll of magic mapping
 E - 2 scrolls of holy word
 G - 3 scrolls of fog
 H - 2 scrolls of acquirement
 I - a scroll of amnesia
 L - 6 scrolls of fear
Potions
 h - a potion of cancellation
 n - 3 potions of flight
 p - 3 potions of invisibility
 t - 8 potions of ambrosia
 u - a potion of brilliance
 w - 8 potions of lignification
 z - 7 potions of curing
 B - a potion of magic
 F - a potion of might
 V - a potion of haste
 X - a potion of resistance
Miscellaneous
 M - a phantom mirror
 S - a lightning rod (4/4)
 U - a phial of floods (inert)


   Skills:
 - Level 10.0 Fighting
 - Level 6.0 Armour
 - Level 20.0 Dodging
 - Level 2.4 Stealth
 + Level 15.3 Shields
 - Level 17.0 Spellcasting
 - Level 14.2 Conjurations
 - Level 19.0 Hexes
 - Level 13.1 Translocations
 - Level 12.0 Invocations
 - Level 10.0 Evocations


You had one spell level left.
You knew the following spells:

 Your Spells              Type           Power      Damage    Failure   Level
a - Magic Dart            Conj           100%       1d8       0%          1
b - Searing Ray           Conj           100%       2d8       0%          2
c - Dazzling Flash        Conj/Hex       100%       N/A       0%          3
d - Fulminant Prism       Conj/Hex       47%        3d21      0%          4
e - Iskenderun's Mystic   Conj/Tloc      87%        2d17      1%          4
f - Enfeeble              Hex            50%        N/A       1%          7
g - Gell's Gravitas       Tloc           86%        N/A       1%          3
h - Discord               Hex            50%        N/A       4%          8
i - Dispersal             Tloc           43%        N/A       1%          6
j - Cause Fear            Hex            50%        N/A       0%          4
k - Iskenderun's Battles  Conj           89%        2d14      1%          5
l - Tukima's Dance        Hex            100%       N/A       0%          3
m - Blink                 Tloc           100%       N/A       0%          2
n - Slow                  Hex            100%       N/A       0%          1

Your spell library contained the following spells:

 Spells                   Type           Power      Damage    Failure   Level
 Animate Skeleton         Necr           56%        N/A       1%          1
 Pain                     Necr           100%       1d9       1%          1
 Sandblast                Erth           56%        2d13      1%          1
 Confusing Touch          Hex            100%       N/A       0%          3
 Portal Projectile        Hex/Tloc       100%       N/A       0%          3
 Ensorcelled Hibernation  Hex/Ice        100%       N/A       1%          2
 Static Discharge         Conj/Air       66%        N/A       1%          2
 Conjure Flame            Conj/Fire      85%        6-21      1%          3
 Inner Flame              Hex/Fire       94%        N/A       1%          3
 Mephitic Cloud           Conj/Pois/Air  73%        N/A       1%          3
 Stone Arrow              Conj/Erth      100%       3d13      1%          3
 Teleport Other           Tloc           86%        N/A       1%          3
 Anguish                  Hex/Necr       37%        N/A       1%          4
 Flame Wave               Conj/Fire      85%        2d15      1%          4
 Leda's Liquefaction      Hex/Erth       37%        N/A       1%          4
 Sticky Flame             Conj/Fire      85%        2d10      1%          4
 Manifold Assault         Tloc           86%        N/A       1%          5
 Metabolic Englaciation   Hex/Ice        37%        N/A       1%          5
 Summon Mana Viper        Hex/Summ       74%        N/A       1%          5
 Yara's Violent Unravell  Hex/Tmut       37%        3d15      1%          5
 Passwall                 Tmut/Erth      23%        N/A       2%          2
 Scorch                   Fire           84%        2d9       2%          2
 Call Canine Familiar     Summ           28%        N/A       4%          3
 Ignite Poison            Fire/Tmut/Pois 59%        N/A       4%          3
 Swiftness                Air            28%        N/A       4%          3
 Vampiric Draining        Necr           28%        2d8       4%          3
 Freezing Cloud           Conj/Ice/Air   28%        6-21      6%          5
 Iron Shot                Conj/Erth      33%        9d7       13%         6
 Starburst                Conj/Fire      42%        6d12      13%         6
 Animate Armour           Summ/Erth      56%        N/A       16%         4
 Animate Dead             Necr           14%        N/A       16%         4
 Petrify                  Tmut/Erth      28%        N/A       16%         4
 Summon Ice Beast         Ice/Summ       28%        N/A       16%         4
 Summon Lightning Spire   Summ/Air       28%        N/A       16%         4
 Alistair's Intoxication  Tmut/Pois      28%        N/A       38%         5
 Borgnjor's Vile Clutch   Necr/Erth      14%        N/A       38%         5
 Lee's Rapid Deconstruct  Erth           14%        3d10*     38%         5
 Spellforged Servitor     Conj/Summ      33%        N/A       56%         7
 Malign Gateway           Summ/Tloc      32%        N/A       65%         7
 Death Channel            Necr           14%        N/A       93%         6
 Eringya's Noxious Bog    Tmut/Pois      21%        N/A       93%         6
 Simulacrum               Ice/Necr       14%        N/A       93%         6
 Statue Form              Tmut/Erth      18%        N/A       93%         6
 Summon Cactus Giant      Summ           14%        N/A       93%         6
 Lehudib's Crystal Spear  Conj/Erth      33%        10d8      99%         8
 Haunt                    Necr/Summ      14%        N/A       100%        7
 Storm Form               Tmut/Air       14%        N/A       100%        7
 Maxwell's Capacitive Co  Air            14%        ∞         100%        8
 Summon Horrible Things   Summ           14%        N/A       100%        8
 Fire Storm               Conj/Fire      42%        8d11      100%        9
 Polar Vortex             Ice            14%        N/A       100%        9


Dungeon Overview and Level Annotations

Branches:
Dungeon (15/15)            Temple (1/1) D:5            Lair (6/6) D:9
  Swamp (4/4) Lair:3       Spider (4/4) Lair:3        Slime (0/5) Lair:5
    Orc (2/2) D:12            Elf (0/3) Orc:2        Vaults (5/5) D:14
  Crypt (0/3) Vaults:3     Depths (0/4) D:15        Volcano (visited)
Gauntlet (visited)

Altars:
Ashenzari
Cheibriados
Dithmenos
Elyvilon
Fedhas
Gozag
Hepliaklqana
Kikubaaqudgha
Makhleb
Nemelex Xobeh
Okawaru
Qazlal
Ru
Sif Muna
Trog
Uskayaw
Vehumet
Wu Jian
Xom
Yredelemnul
Zin
The Shining One
Beogh
Lugonu

Shops:
D:1 [   D:8 :   D:10 !=((   Orc:1 ?   Orc:2 :*[(   Vaults:4 *

Portals:
Abyss: Lair:6

Annotations:
Lair:1 exclusion: oklob plant
Lair:2 exclusion: 4 oklob plants
Lair:5 1 runed translucent door, Diggabert's ghost, journeyman HuFi
Swamp:1 2 transporters, slowmoth's ghost, adept VSFi


Innate Abilities, Weirdness & Mutations

You possess an exceptional clarity of mind.
Your flesh is cold resistant. (rC+)


Message History

A fulminant prism comes into view.
The great orb of eyes changes into a satyr!
Your battlesphere fires!
The barrage of energy hits the satyr!
The satyr is moderately wounded.
The yaktaur completely misses you.
Casting: Fulminant Prism (safe; 0% risk of failure)
Confirm with . or Enter, or press ? or * to list all spells.
You erupt in a blast of force!
The mystic blast hits the yaktaur!!
You kill the yaktaur!
Sif Muna accepts your kill.
Your battlesphere fires!
The barrage of energy hits the satyr!
The satyr is moderately wounded.
A deep elf high priest comes into view. It is wielding a +0 long sword.
Your fulminant prism crackles loudly.
The satyr hits your fulminant prism!
Casting: Iskenderun's Mystic Blast (safe; 1% risk of failure)
Confirm with . or Enter, or press ? or * to list all spells.
Aiming: Enfeeble (dangerous; 1% risk of failure)
Press: ? - help, Shift-Dir - straight line, f - deep elf high priest
Aim: a deep elf high priest, wielding a +0 long sword (will inflict weakness, chance to daze and blind: 86%)
The deep elf high priest partially resists.
The deep elf high priest is enfeebled!
Your fulminant prism explodes!
The blast of energy engulfs the satyr!
The satyr is heavily wounded.
You hear a shout!
Casting: Enfeeble (dangerous; 1% risk of failure)
Confirm with . or Enter, or press ? or * to list all spells.
You erupt in a blast of force!
The mystic blast hits the satyr.
The satyr is heavily wounded.
The satyr is knocked back by the mystic blast.
Your battlesphere fires!
The barrage of energy hits the deep elf high priest!!
The deep elf high priest is heavily wounded.
Your battlesphere expends the last of its energy and dissipates.
The deep elf high priest mumbles some strange prayers to its god against you.
The sphere of damnation explodes!
The damnation engulfs you!!
You die...

#.. #..# ......#....#..#
......#....#..#
...........#..#####.
...!.)))[..#........
..?).)..c[...)).....
###).≈[.).)(.############
.....[.e<<.)(○..........c
....[[.<.[<.(@...........
......[.<<...............
......[....))............
#####).[[)[).############
#...[[..... #..#....#...
...#....#....
....#....#.)...


You could see a deep elf high priest (weak) and a neutral satyr shaped shifter
(insane).

Vanquished Creatures
  A dread lich (Vaults:5)
  An ancient lich (Vaults:5)
  Boris (Vaults:3)
  Frederick (Vaults:4)
  Saint Roka (Vaults:4)
  A golden dragon (Vaults:5)
  Jory (Vaults:4)
  Arachne (Spider:2)
  A tentacled monstrosity (Swamp:3)
  3 titans
  3 liches
  A quicksilver dragon (Vaults:4)
  Gastronok (D:8)
  3 tengu reavers
  5 sphinxes
  3 thorn hunters
  A storm dragon (Vaults:4)
  Agnes (D:15)
  Kirke (D:13)
  A fenstrider witch (Swamp:3)
  4 fire giants
  A frost giant (Vaults:4)
  8 emperor scorpions
  21 vault wardens
  4 ghost moths
  A deep elf sorcerer (Vaults:4)
  An orc warlord (Vaults:4)
  5 stone giants
  2 broodmothers
  18 ironbound preservers
  8 ironbound thunderhulks
  A deep elf demonologist (Vaults:5)
  2 very ugly things
  6 eleionomae
  3 entropy weavers
  6 dire elephants
  A spark wasp (Spider:3)
  4 bunyips
  A deep elf annihilator (Vaults:4)
  Snorg (D:10)
  2 crystal guardians (Vaults:2)
  A green death (Gauntlet)
  6 ettins
  An eidolon (Vaults:3)
  A jiangshi (Vaults:3)
  6 yaktaur captains
  The ghost of quokkamancerX the Geomancer, a journeyman GrEE of Ashenzari (D:10)
  A deep elf high priest (Vaults:5)
  Fannar (Lair:3)
  Harold (D:8)
  A great orb of eyes (Vaults:5)
  23 hydras
  13 vault guards
  2 ice dragons (D:15)
  A catoblepas (Lair:6)
  2 peacekeepers
  10 boulder beetles
  2 ogre magi
  8 centaur warriors
  2 jorogumos
  3 radroaches (Spider:4)
  8 ironbound frosthearts
  6 alligators
  11 two-headed ogres
  4 tengu warriors
  22 death yaks
  3 thrashing horrors (Lair:6)
  2 large abominations (Lair:6)
  Urug (Lair:3)
  2 hell knights
  A soul eater (Vaults:3)
  A pharaoh ant (Spider:3)
  A fire crab (Gauntlet)
  5 skeletal warriors (D:14)
  A sun moth (Spider:3)
  40 deep trolls
  8 orb spiders
  9 swamp dragons
  2 steelbarb worms
  7 bog bodies
  9 spriggan druids
  6 goliath frogs
  A deep elf archer (D:14)
  14 ironbound convokers
  2 phantasmal warriors (Vaults:5)
  6 wizards
  2 deep elf pyromancers
  2 orc knights (Orc:2)
  9 lindwurms
  3 necromancers
  19 wolf spiders
  28 ugly things
  3 manticores
  An orc sorcerer (Orc:2)
  15 cyclopes
  A cyclops (shapeshifter) (Lair:6)
  6 will-o-the-wisps
  4 elephants
  3 moths of wrath
  A salamander (Volcano)
  15 vault sentinels
  4 black mambas (Lair:6)
  Joseph (D:10)
  8 cane toads
  5 molten gargoyles (Volcano)
  3 torpor snails
  2 smoke demons (Lair:6)
  6 gargoyles
  An unseen horror (D:12)
  An orange demon (Gauntlet)
  2 kobold demonologists
  An unseen horror (shapeshifter) (D:15)
  16 yaktaurs
  7 demonic crawlers (Spider:3)
  5 komodo dragons
  2 yaktaurs (shapeshifter)
  A tengu conjurer (D:14)
  6 rime drakes
  A freezing wraith (Vaults:5)
  4 ancient zymes (Lair:6)
  A dancing weapon (Spider:2)
  A queen bee (Lair:2)
  22 meliai
  4 tyrant leeches
  4 polar bears
  21 slime creatures
  Grinder (D:5)
  5 hornets
  25 tarantellas
  A raiju (Gauntlet)
  24 blink frogs
  29 jumping spiders
  A dream sheep (shapeshifter) (Lair:6)
  3 wraiths
  2 shadows (Gauntlet)
  A culicivora (shapeshifter) (D:15)
  8 spriggans
  10 wyverns
  27 culicivoras
  A spriggan (shapeshifter) (D:14)
  48 yaks
  2 ynoxinuls (Lair:6)
  A hog (shapeshifter) (D:13)
  Grum (Lair:1)
  7 basilisks
  6 hogs (D:13)
  6 fire bats (Gauntlet)
  A redback simulacrum (D:15)
  4 steam dragons
  9 vampire mosquitoes
  41 redbacks
  3 wargs (Orc:2)
  18 water moccasins
  18 swamp worms
  2 hell hounds (Gauntlet)
  16 orc warriors
  7 swamp drakes
  An ice beast (D:5)
  2 sky beasts
  3 necrophages
  9 ogres
  15 centaurs
  8 boggarts
  4 black bears
  31 wolves
  A kobold brigand (D:10)
  7 small abominations (Lair:6)
  14 bullfrogs
  A gnoll sergeant (D:12)
  3 scorpions
  58 killer bees
  14 wights
  4 howler monkeys
  2 electric eels
  A crimson imp (D:10)
  3 centaur zombies
  A hound (D:5)
  4 jellies
  11 orc priests
  6 iguanas
  Ijyb (D:3)
  2 hell rats (Lair:4)
  19 orc wizards
  A hound skeleton (D:5)
  A howler monkey zombie (D:10)
  Robin (D:3)
  10 gnolls
  7 adders
  12 river rats
  2 white imps
  3 worms
  4 dart slugs
  57 orcs
  4 endoplasms
  5 giant cockroaches
  16 goblins
  11 hobgoblins
  6 jackals
  A quokka (D:1)
  6 ball pythons
  5 bats
  6 frilled lizards
  13 kobolds
  5 rats
  3 briar patches (Swamp:1)
  3 fulminant prisms
1366 creatures vanquished.

Vanquished Creatures (collateral kills)
  A golden dragon (Vaults:5)
  A tentacled monstrosity (Vaults:5)
  A titan (Vaults:5)
  2 storm dragons (Vaults:5)
  3 tengu reavers (Vaults:5)
  2 shadow dragons (Vaults:5)
  A fenstrider witch (shapeshifter) (Vaults:5)
  2 fire giants (Vaults:5)
  A deep elf sorcerer (Vaults:5)
  2 ironbound preservers
  A deep elf demonologist (Vaults:5)
  A minotaur (Gauntlet)
  3 very ugly things
  2 dire elephants
  A deep elf high priest (Vaults:5)
  An ettin (Vaults:5)
  A yaktaur captain (Vaults:5)
  An ogre mage (Vaults:5)
  19 vault guards
  3 hell knights (Vaults:5)
  2 wizards (Vaults:4)
  6 deep trolls (Vaults:4)
  5 ironbound convokers
  2 necromancers (Vaults:5)
  3 ugly things
  A vault sentinel (Vaults:3)
  A yaktaur (Vaults:5)
  A meliai (shapeshifter) (Vaults:5)
  3 orc warriors (Vaults:4)
  An ogre (Vaults:5)
  An orc wizard (Vaults:4)
  2 orcs (Vaults:4)
  14 fulminant prisms
91 creatures vanquished.

Vanquished Creatures (others)
  An ironbound preserver (Vaults:4)
  A dire elephant (Vaults:2)
  An ettin (Vaults:5)
  A yaktaur captain (Vaults:5)
  2 vault guards (Vaults:5)
  A vampire mage (Vaults:3)
  2 hell knights (Vaults:5)
  2 deep trolls (Vaults:4)
  2 ironbound convokers
  A phantasmal warrior (Vaults:5)
  A yaktaur (Vaults:5)
  An orc warrior (Vaults:4)
  An orc (Orc:2)
  2 briar patches (Swamp:1)
  14 foxfires
  1204 fulminant prisms
  102 fungi
  87 plants
  4 withered plants (Gauntlet)
1430 creatures vanquished.

Grand Total: 2887 creatures vanquished

Notes
Turn   | Place    | Note
-------+----------+-------------------------------------------
     0 | D:1      | concernfroge the Deep Elf Conjurer began the quest for the
                  | Orb.
     0 | D:1      | Reached XP level 1. HP: 10/10 MP: 6/6
   308 | D:1      | Found Plog's Armour Shop.
   521 | D:1      | Reached XP level 2. HP: 15/15 MP: 5/8
   524 | D:1      | Learned a level 2 spell: Searing Ray
   998 | D:1      | Found a faded altar of an unknown god.
  1236 | D:2      | Reached skill level 5 in Conjurations
  1278 | D:2      | Reached XP level 3. HP: 19/19 MP: 7/10
  1282 | D:2      | Learned a level 3 spell: Dazzling Flash
  1520 | D:2      | Reached skill level 1 in Hexes
  2036 | D:2      | Reached XP level 4. HP: 24/24 MP: 9/12
  2041 | D:2      | Learned a level 4 spell: Fulminant Prism
  2485 | D:3      | Noticed Ijyb
  2497 | D:3      | Gained mutation: You possess an exceptional clarity of
                  | mind. [potion of mutation]
  2497 | D:3      | Gained mutation: Your flesh is cold resistant. (rC+)
                  | [potion of mutation]
  2510 | D:3      | Killed Ijyb
  3045 | D:3      | Noticed Robin
  3062 | D:3      | Killed Robin
  3143 | D:3      | Reached skill level 5 in Spellcasting
  3399 | D:3      | Reached XP level 5. HP: 28/28 MP: 12/14
  3404 | D:3      | Learned a level 4 spell: Iskenderun's Mystic Blast
  4228 | D:4      | Noticed an orc warrior
  4462 | D:4      | Reached skill level 1 in Translocations
  4532 | D:4      | Found a bloodstained altar of Trog.
  4542 | D:5      | Entered Level 5 of the Dungeon
  4665 | D:5      | Reached XP level 6. HP: 28/32 MP: 11/16
  4869 | D:5      | Noticed Grinder
  4877 | D:5      | Killed Grinder
  4878 | D:5      | Reached XP level 7. HP: 19/36 MP: 5/18
  5329 | D:5      | Reached skill level 5 in Hexes
  5516 | D:5      | Found a staircase to the Ecumenical Temple.
  5527 | Temple   | Entered the Ecumenical Temple
  5742 | Temple   | Became a worshipper of Sif Muna the Loreminder
  6154 | D:6      | Reached XP level 8. HP: 41/41 MP: 4/20
  6434 | D:6      | Reached skill level 5 in Translocations
  6867 | D:6      | Reached XP level 9. HP: 45/45 MP: 17/23
  6912 | D:6      | Noticed a cyclops
  7237 | D:4      | Reached * piety under Sif Muna
  7846 | D:1      | Bought a +1 buckler of fire resistance for 198 gold pieces
  8110 | D:6      | Killed a cyclops
  8111 | D:6      | Reached skill level 1 in Fighting
  8111 | D:6      | Reached skill level 3 in Dodging
  8111 | D:6      | Reached skill level 1 in Shields
  8111 | D:6      | Reached skill level 1 in Invocations
  8111 | D:6      | Reached skill level 1 in Evocations
  8395 | D:7      | Noticed a two-headed ogre
  8407 | D:7      | Killed a two-headed ogre
  8408 | D:7      | Reached skill level 4 in Dodging
  8859 | D:7      | Noticed a rime drake
  8881 | D:7      | Noticed a rime drake
  8881 | D:7      | Noticed a rime drake
  8900 | D:7      | Killed a rime drake
  8901 | D:7      | Reached XP level 10. HP: 29/54 MP: 3/24
  8904 | D:7      | Reached skill level 5 in Dodging
  8912 | D:7      | Found the +4 skin of Zhor {*Englaciate rC+++ SInv}
  9630 | D:8      | Noticed Gastronok
  9678 | D:8      | Killed Gastronok
  9679 | D:8      | Reached skill level 6 in Dodging
 10002 | D:8      | Found Bycosyuf's Book Boutique.
 10090 | D:8      | Reached skill level 5 in Invocations
 10090 | D:8      | Reached skill level 5 in Evocations
 10188 | D:8      | Noticed Harold
 10193 | D:8      | Noticed a gargoyle
 10204 | D:8      | Killed a gargoyle
 10212 | D:8      | Killed Harold
 10655 | D:8      | Reached ** piety under Sif Muna
 11096 | D:9      | Identified the ring "Nulost" {Fire rCorr Str-5 Int+4}
 11096 | D:9      | Noticed a two-headed ogre
 11105 | D:9      | Killed a two-headed ogre
 11106 | D:9      | Reached XP level 11. HP: 61/61 MP: 10/25
 11106 | D:9      | Lost strength.
 11136 | D:9      | Reached skill level 7 in Dodging
 11644 | D:9      | Noticed a seven-headed hydra
 11651 | D:9      | Killed a seven-headed hydra
 11907 | D:9      | Found a staircase to the Lair.
 12329 | D:9      | Reached skill level 5 in Shields
 12509 | D:9      | Reached skill level 5 in Fighting
 12518 | D:9      | Reached skill level 8 in Dodging
 12686 | D:9      | Found a sparkling altar of Nemelex Xobeh.
 12686 | D:9      | Found an ornate altar of the Wu Jian Council.
 12802 | Lair:1   | Entered Level 1 of the Lair of Beasts
 12805 | Lair:1   | Noticed an oklob plant
 12880 | Lair:1   | Noticed Grum
 12890 | Lair:1   | Killed Grum
 13764 | Lair:2   | Noticed a boulder beetle
 13777 | Lair:2   | Killed a boulder beetle
 13792 | Lair:2   | Reached XP level 12. HP: 69/69 MP: 6/26
 13979 | Lair:2   | Reached skill level 9 in Dodging
 14028 | Lair:2   | Reached *** piety under Sif Muna
 16206 | Lair:3   | Noticed Urug
 16225 | Lair:3   | Killed Urug
 16235 | Lair:3   | Reached skill level 10 in Dodging
 16606 | Lair:3   | Noticed an eight-headed hydra
 16615 | Lair:3   | Killed an eight-headed hydra
 16623 | Lair:3   | Noticed Fannar
 16640 | Lair:3   | Killed Fannar
 16912 | Lair:3   | Found a hole to the Spider Nest.
 17343 | Lair:3   | Reached XP level 13. HP: 76/76 MP: 6/27
 17809 | Lair:3   | Found a staircase to the Swamp.
 18328 | D:1      | Bought the +0 cloak of the Furrier {Contam rF+ rN+++ Will+}
                  | for 474 gold pieces
 19918 | Lair:5   | Reached **** piety under Sif Muna
 20141 | Lair:5   | Reached skill level 11 in Dodging
 20383 | Lair:5   | Reached skill level 10 in Invocations
 20573 | Lair:5   | Reached skill level 10 in Evocations
 20891 | Lair:5   | Found a staircase to the Slime Pits.
 20965 | Lair:5   | Found a runed translucent door.
 20965 | Lair:5   | Found a shimmering altar of Xom.
 20965 | Lair:5   | Identified the +6 great sword of the Dungeon {chaos, rF+}
 20966 | Lair:5   | Noticed Diggabert's ghost (journeyman HuFi)
 21058 | Lair:6   | Entered Level 6 of the Lair of Beasts
 21349 | Lair:5   | Identified 2 scrolls of acquirement
 21952 | Lair:6   | Reached skill level 12 in Dodging
 22150 | Lair:6   | Reached XP level 14. HP: 84/84 MP: 16/28
 22917 | Lair:6   | Identified the +6 trident "Baago" {drain, Will++}
 24387 | Lair:6   | Found a corrupted altar of Lugonu.
 24387 | Lair:6   | Found a one-way gate to the infinite horrors of the Abyss.
 24393 | Lair:6   | Got the Incunabulum of Glacial Execration
 24651 | D:10     | Entered Level 10 of the Dungeon
 24730 | D:10     | Noticed Snorg
 24737 | D:10     | Noticed Joseph
 24743 | D:10     | Killed Snorg
 24746 | D:10     | Killed Joseph
 25103 | D:10     | Found Piarrap's Distillery.
 25112 | D:10     | Reached skill level 10 in Shields
 25207 | D:10     | Bought a potion of heal wounds for 60 gold pieces
 25207 | D:10     | Bought a potion of heal wounds for 60 gold pieces
 25207 | D:10     | Bought 2 potions of brilliance for 96 gold pieces
 25207 | D:10     | Bought 2 potions of curing for 72 gold pieces
 25367 | D:10     | Found Ruuluh's Jewellery Boutique.
 25423 | D:10     | Found a glowing golden altar of the Shining One.
 25636 | D:10     | Found a runed translucent gate.
 25636 | D:10     | Found a runed translucent gate.
 25636 | D:10     | Found a runed translucent gate.
 25638 | D:10     | Noticed quokkamancerX's ghost (journeyman GrEE)
 25659 | D:10     | Reached skill level 10 in Fighting
 25668 | D:10     | Killed quokkamancerX's ghost
 25673 | D:10     | Identified the +11 scimitar of the Scroll {vorpal, rN+
                  | Dex+3 SInv Stlth-}
 25784 | D:10     | Found Wulisit's Weapon Shop.
 25792 | D:10     | Found Nearezuc's Weapon Shop.
 26117 | D:11     | Found a gate leading to a gauntlet.
 26126 | Gauntlet | Entered a Gauntlet
 26126 | Gauntlet | Found a transporter.
 26133 | Gauntlet | Found a transporter.
 26137 | Gauntlet | Found a transporter.
 26143 | Gauntlet | Found a runed translucent gate.
 26145 | Gauntlet | Found a runed translucent gate.
 26145 | Gauntlet | Found a transporter.
 26147 | Gauntlet | Found a runed translucent gate.
 26149 | Gauntlet | Found a transporter.
 26157 | Gauntlet | Found a transporter.
 26161 | Gauntlet | Found a transporter.
 26169 | Gauntlet | Found a transporter.
 26173 | Gauntlet | Found a transporter.
 26181 | Gauntlet | Found a transporter.
 26212 | Gauntlet | Found a transporter.
 26224 | Gauntlet | Found a transporter.
 26237 | Gauntlet | Found a transporter.
 26250 | Gauntlet | Found a transporter.
 26476 | Gauntlet | Identified the +2 shortbow "Rotonn" {speed, rPois Int-3
                  | Stlth+}
 26494 | Gauntlet | Reached XP level 15. HP: 74/92 MP: 2/30
 27073 | D:11     | Found a shimmering blue altar of Sif Muna.
 28195 | D:12     | Reached skill level 10 in Spellcasting
 28689 | D:12     | Found a staircase to the Orcish Mines.
 29500 | D:13     | Found a blossoming altar of Fedhas.
 29517 | D:13     | Learned a level 7 spell: Enfeeble
 29996 | D:13     | Noticed Kirke
 30013 | D:13     | Noticed a sphinx
 30020 | D:13     | Killed Kirke
 30681 | D:14     | Reached skill level 10 in Hexes
 30979 | D:14     | Reached skill level 10 in Conjurations
 31706 | D:14     | Found a gate to the Vaults.
 31805 | D:14     | Got the Tome of the Rocks
 32185 | D:15     | Entered Level 15 of the Dungeon
 32205 | D:15     | Noticed Agnes
 32217 | D:15     | Killed Agnes
 32521 | D:15     | Identified the +7 falchion "Wuli" {antimagic, Str+7 Dex+5}
 32798 | D:15     | Found a staircase to the Depths.
 33605 | D:8      | Bought a There-And-Back Book for 330 gold pieces
 33609 | D:8      | Learned a level 3 spell: Gell's Gravitas
 33613 | D:8      | Learned a level 3 spell: Teleport Other
 33620 | D:8      | Learned a level 6 spell: Dispersal
 33716 | Orc:1    | Entered Level 1 of the Orcish Mines
 33716 | Orc:1    | Found Riozooc's Magic Scroll Boutique.
 33720 | Orc:1    | Reached XP level 16. HP: 97/97 MP: 23/34
 33931 | Orc:2    | Entered Level 2 of the Orcish Mines
 34501 | Orc:2    | Found a staircase to the Elven Halls.
 34547 | Orc:2    | Found Eppyciad's Antique Armour Shop.
 34585 | Orc:2    | Found a dark tunnel.
 34595 | Volcano  | Entered a volcano
 35085 | Volcano  | Noticed an orb of fire
 35112 | Volcano  | Noticed an orb of fire
 35409 | Orc:2    | Found Zulogha's General Store.
 35687 | Orc:2    | Reached skill level 10 in Translocations
 35790 | Orc:2    | Bought a potion of heal wounds for 80 gold pieces
 35860 | Orc:2    | Reached ***** piety under Sif Muna
 36124 | Orc:2    | Found Zaruem's Antique Weapon Emporium.
 36161 | Orc:2    | Found Havaz's Book Boutique.
 36169 | Orc:2    | Bought a book of Hexes for 576 gold pieces
 36174 | Orc:2    | Learned a level 4 spell: Cause Fear
 36677 | Swamp:1  | Entered Level 1 of the Swamp
 36847 | Swamp:1  | Noticed a thorn hunter
 36864 | Swamp:1  | Killed a thorn hunter
 37194 | Swamp:1  | Found a transporter.
 37202 | Swamp:1  | Noticed slowmoth's ghost (adept VSFi)
 37212 | Swamp:1  | Found a transporter.
 37218 | Swamp:1  | Found a bloodstained altar of Trog.
 38434 | Swamp:2  | Received a gift from Sif Muna
 38568 | Swamp:2  | Got Jameiqosom's Collected Works on Enthralling Conjuration
                  | {god gift}
 39118 | Swamp:2  | Learned a level 5 spell: Iskenderun's Battlesphere
 39396 | Swamp:3  | Noticed a thorn hunter
 39402 | Swamp:3  | Killed a thorn hunter
 39442 | Swamp:3  | Identified the amulet of Rohudiamn {Reflect rElec rCorr
                  | Int-2 SH+5 Stlth+}
 40372 | Swamp:3  | Noticed a tentacled monstrosity
 40391 | Swamp:3  | Killed a tentacled monstrosity
 40392 | Swamp:3  | Reached XP level 17. HP: 93/102 MP: 2/37
 40687 | Swamp:4  | Entered Level 4 of the Swamp
 40847 | Swamp:4  | Reached skill level 15 in Hexes
 41327 | Swamp:4  | Got a decaying rune of Zot
 42174 | Lair:6   | Learned a level 3 spell: Tukima's Dance
 42238 | Spider:1 | Entered Level 1 of the Spider Nest
 43146 | Spider:2 | Reached skill level 15 in Spellcasting
 44024 | Spider:2 | Noticed Arachne
 44054 | Spider:2 | Killed Arachne
 45595 | Spider:3 | Reached XP level 18. HP: 107/107 MP: 21/39
 46698 | Spider:4 | Entered Level 4 of the Spider Nest
 49189 | Spider:4 | Got a gossamer rune of Zot
 49220 | Spider:4 | Identified the +1 hat of Sophism {rF+}
 50229 | D:10     | Bought the ring of Fixation {rElec rF- Will+ Dex+8 Stlth+}
                  | for 670 gold pieces
 50386 | Vaults:1 | Entered Level 1 of the Vaults
 50777 | Vaults:1 | Identified the -5 pair of gloves of the Three of Wands
                  | {Str+6 Slay+3}
 50877 | Vaults:1 | Noticed a lich
 51146 | D:14     | Learned a level 8 spell: Discord
 51581 | Vaults:1 | Reached skill level 1 in Armour
 51591 | Vaults:1 | Reached skill level 13 in Dodging
 51657 | Vaults:1 | Killed a lich
 53005 | Vaults:2 | Reached XP level 19. HP: 112/112 MP: 6/42
 53855 | Vaults:2 | Reached skill level 14 in Dodging
 56061 | Vaults:3 | Reached skill level 5 in Armour
 56387 | Vaults:3 | Reached skill level 15 in Dodging
 56622 | Vaults:3 | Found a staircase to the Crypt.
 57206 | Vaults:3 | Noticed Boris
 57213 | Vaults:3 | Killed Boris
 58143 | Vaults:4 | Noticed Frederick
 58153 | Vaults:4 | Killed Frederick
 58154 | Vaults:4 | Reached skill level 16 in Dodging
 58154 | Vaults:4 | Reached XP level 20. HP: 117/117 MP: 10/43
 58249 | Vaults:4 | Found Acleumeah's Assorted Antiques.
 58700 | Vaults:4 | Noticed Saint Roka
 58712 | Vaults:4 | Killed Saint Roka
 58988 | Vaults:4 | Reached skill level 17 in Dodging
 59072 | Vaults:4 | Noticed Jory
 59086 | Vaults:4 | Killed Jory
 59264 | Vaults:4 | Identified the +3 rapier of Painful Death {freeze, Will-
                  | Int+6 Dex+3}
 60348 | Vaults:4 | Got The Intricacies of Spellweaving
 60352 | Vaults:4 | Learned a level 2 spell: Blink
 60354 | Vaults:4 | Learned a level 1 spell: Slow
 60470 | Vaults:5 | Entered Level 5 of the Vaults
 60475 | Vaults:5 | Reached skill level 18 in Dodging
 60522 | Vaults:5 | Received a gift from Sif Muna
 60523 | Vaults:5 | Got Asmodeus's Grimoire of Conjuration {god gift}
 60658 | Vaults:5 | Noticed an ancient lich
 60671 | Vaults:5 | Killed an ancient lich
 61062 | Vaults:5 | Identified the +1 chain mail "Vuesegg" {rF+ rN+ Str-3
                  | Dex+4}
 61091 | Vaults:5 | Reached skill level 19 in Dodging
 61095 | Vaults:5 | Reached XP level 21. HP: 122/122 MP: 24/44
 61129 | Vaults:5 | Noticed a golden dragon
 61132 | Vaults:5 | Killed a golden dragon
 61143 | Vaults:5 | Noticed a dread lich
 61145 | Vaults:5 | Identified the +9 war axe of Dishonour {freeze, rC- Str+3
                  | Dex+5 SInv}
 61555 | Vaults:5 | Killed a dread lich
 61577 | Vaults:5 | Identified the +1 great mace of Xoocw {spect, *Slow rCorr
                  | Int+6}
 61587 | Vaults:5 | Noticed a golden dragon
 61592 | Vaults:5 | Reached skill level 15 in Shields
 61593 | Vaults:5 | Reached skill level 20 in Dodging
 61608 | Vaults:5 | Killed a golden dragon
 61628 | Vaults:5 | Killed from afar by a deep elf high priest

Illustrated notes

Levels and vault maps discovered:
D:1:      minmay_arrival_four_houses, layout_loops_ring, serial_shops,
          nicolae_diamond_shop, chequers_ecumenical_altar_simple_redux
D:2:      layout_basic
D:3:      minmay_wonky_spiral, layout_basic, supply_closet_lemuel, uniq_ijyb,
          uniq_robin
D:4:      layout_rooms, mainiacjoe_overflow_small_starburst, enter_ossuary_1
D:5:      layout_gridville, minmay_temple_entry_trees, uniq_grinder
D:6:      layout_loops_ring
D:7:      layout_rooms, chequers_mini_garden, grunt_ministairs_13,
          chequers_big_river, hellmonk_guarded_unrand_zhor
D:8:      layout_loops_ring, serial_shops, nicolae_shop_hallway_plus,
          uniq_harold, uniq_gastronok
D:9:      layout_basic, gammafunk_temple_overflow_pools, minmay_lair_entry_grove
D:10:     layout_basic, lemuel_crystal_altar, gammafunk_ghost_hydra_chop,
          serial_shops, nicolae_shop_crystal, shop, nicolae_shop_stone,
          nicolae_shop_advertising_works [nicolae_subvault_shop_adworks],
          minmay_fire_ice_demons, uniq_snorg, uniq_joseph
D:11:     layout_stronghold, gauntlet_entry_generic, kennysheep_small_circle
D:12:     layout_grid_maze, orc_0_dummy, grunt_ogre_cave
D:13:     layout_roguey, fedhas_bush_and_centaur_altar, uniq_kirke
D:14:     layout_grid_maze, david_vaults_5, chequers_serial_rivers_micro_b,
          chequers_garden
D:15:     grunt_enter_depths_hoard, layout_basic, serial_curves, eino_curves_01,
          eino_curves_03, uniq_agnes
Temple:   dpeg_five_rooms_temple
Lair:1:   layout_loops_ring, minmay_lair_oklob_bushes,
          infiniplex_staircase_pool, lemuel_fruit_tree, uniq_grum
Lair:2:   hangedman_what_comes_after_a, layout_cave_pods, grunt_megastairs_5,
          serial_bayou_shore_a
Lair:3:   layout_long_grid, nicolae_swamp_entry_splash_gauntlet,
          spider_nest_entry_funnel_web, infiniplex_staircase_pool_2, uniq_urug,
          uniq_fannar
Lair:4:   layout_cave_pods, kennysheep_rathole
Lair:5:   layout_cellular_growth, nicolae_slime_entry_slimehenge,
          ebering_ghost_xom, lemuel_fruit_fields
Lair:6:   hellmonk_lair_end_abyssal_woods, layout_small_grid, grunt_megastairs_2
Swamp:1:  layout_basic_swamp, gammafunk_ghost_wrathful_warriors,
          nicolae_swamp_big_swirl
Swamp:2:  layout_basic_swamp, evilmike_swamp_ruin_house_2, swamp_pool3
Swamp:3:  nicolae_swamp_standing_stones, layout_basic_swamp,
          nicolae_swamp_very_dense_foliage, swamp_pool5
Swamp:4:  swamp, layout_basic_swamp
Spider:1: layout_spider_delve
Spider:2: layout_spider_delve, hellmonk_watch_for_rolling_rocks, uniq_arachne
Spider:3: layout_spider_delve, nicolae_crawler_farm,
          hangedman_spider_tarantella_strand
Spider:4: grunt_spider_rune_circles
Orc:1:    layout_caves, gammafunk_ghost_cemetery, serial_shops, shop
Orc:2:    grunt_orc_gardens, layout_caves, grunt_orc_garden, grunt_orc_garden,
          grunt_orc_garden, grunt_orc_garden, basic_altar,
          nicolae_volcano_entry_hallway
Vaults:1: st_quartered_hall, grunt_vaults_twisty, v_pattern_2, v_rooms_1,
          nicolae_vaults_theta, nicolae_vaults_asterisk, vaults_mumra_lcd,
          vaults_room_stairs_pillars, nicolae_vaults_circle_grid_a,
          ontoclasm_vaults_twist, ontoclasm_vaults_chip, layout_vaults_big_room
Vaults:2: nicolae_vaults_little_squares_6, st_spiral_rooms, v_misc_11,
          nicolae_vaults_three_branches, dpeg_vaults_monster_box,
          vaults_room_corners, nicolae_vaults_network_star,
          layout_vaults_quadrants
Vaults:3: nicolae_vaults_fighting_squares, vaults_room_stairs_pillars,
          v_misc_28, hangedman_vaults_variations, ontoclasm_vaults_ligature,
          minmay_crypt_entry_simple_statues, v_misc_22, v_misc_11,
          vaults_room_semicircle, nicolae_vaults_disjoint_gnomons, v_rooms_6,
          v_pattern_4, layout_vaults_maze_bifur, serial_shops, bzr_entry_safe,
          uniq_boris
Vaults:4: hangedman_vaults_snaps, ontoclasm_vaults_pinch,
          vaults_dpeg_encased_lava, vaults_room_semicircle, v_misc_31,
          v_misc_25, vaults_room_glass_cross, ontoclasm_vaults_ring_large,
          v_misc_28, hangedman_vaults_nails, hangedman_vaults_corner, v_rooms_5,
          ontoclasm_vaults_fault, layout_vaults_omnibox, serial_shops,
          nicolae_shop_hallway_plus, uniq_frederick, uniq_saint_roka, uniq_jory
Vaults:5

Skill      XL: |  1  2  3  4  5  6  7  8  9 10 11 12 13 14 15 16 17 18 19 20 21 |
---------------+----------------------------------------------------------------+-----
Spellcasting   | 4 5 6 7 8 9 12 14 15 17 | 17.0
Conjurations   | 5 6 7 8 10 12 13 14 | 14.2
Hexes          | 1 2 3 4 5 7 8 11 14 17 19 | 19.0
Translocations | 1 2 4 5 6 9 11 12 13 | 13.1
Fighting       | 2 4 5 7 8 10 | 10.0
Dodging        | 4 6 8 10 12 13 16 19 20 | 20.0
Shields        | 2 4 5 7 8 10 12 14 15 | 15.3
Invocations    | 3 5 7 9 10 12 | 12.0
Evocations     | 3 5 7 9 10 | 10.0
Armour         | 2 6 |  6.0
Stealth        | |  2.4

Action                   |  1- 3 |  4- 6 |  7- 9 | 10-12 | 13-15 | 16-18 | 19-21 || total
-------------------------+-------+-------+-------+-------+-------+-------+-------++-------
Melee: Unarmed           |       |       |     3 |       |       |       |       ||     3
       Staff             |       |       |       |       |       |     1 |       ||     1
 Cast: Magic Dart        |    78 |    61 |    62 |    86 |    55 |   285 |   181 ||   808
       Searing Ray       |     3 |    14 |    28 |    70 |    52 |    43 |    14 ||   224
       Fulminant Prism   |       |     5 |    30 |   152 |   372 |   447 |   216 ||  1222
       Iskenderun's Myst |       |       |    12 |    70 |   247 |   304 |   210 ||   843
       Iskenderun's Batt |       |       |       |       |       |   141 |    81 ||   222
       Enfeeble          |       |       |       |       |       |    34 |    33 ||    67
       Gell's Gravitas   |       |       |       |       |       |     9 |     8 ||    17
       Dazzling Flash    |       |       |       |       |       |     2 |       ||     2
       Tukima's Dance    |       |       |       |       |       |     9 |       ||     9
       Cause Fear        |       |       |       |       |       |     2 |     1 ||     3
       Dispersal         |       |       |       |       |       |     1 |       ||     1
       Discord           |       |       |       |       |       |       |    25 ||    25
Invok: Channel Magic     |       |       |       |    18 |    45 |    56 |    41 ||   160
Evoke: Wand              |       |       |    11 |     4 |    14 |     7 |    11 ||    47
       Phial of floods   |       |       |       |       |       |       |     1 ||     1
  Use: Scroll            |       |     7 |     7 |     9 |    14 |    16 |     9 ||    62
       Potion            |       |     5 |     4 |     2 |     8 |     4 |    11 ||    34
Armor: Robe              |       |     6 |     1 |       |       |       |       ||     7
       Skin              |       |       |    21 |       |       |       |       ||    21
       Animal skin       |       |       |       |     8 |    27 |    49 |    15 ||    99
Dodge: Dodged            |     3 |    16 |    14 |    23 |    95 |   105 |    61 ||   317
Block: Other             |     3 |     2 |     9 |       |       |       |       ||    14
       Reflection        |       |     1 |       |     3 |    37 |    34 |    14 ||    89
       Buckler           |       |       |       |    29 |   118 |   122 |    69 ||   338
